mgv, chaotic male elven Priest -------- ------ |<|>...---....| |^|-.`........| |^||.```|P..`.| |^||....|.....| |.|------I----| |.| |b@o.o.| |.------ao..qo| |...........qo| |..-----o....q| ---- -------- mgv the Adept Experience level: 6 Strength: 15 Dexterity: 13 Constitution: 13 Intelligence: 11 Wisdom: 20 Charisma: 8 Health: 0(42) Energy: 63(63) Def: 1 Gold: 343 Moves: 3793 Dungeon seed: 7B4c8gpWLtvv2k_j Game ID: mgv_1552836013 Your Inventory: Coins $ - 343 gold pieces Weapons a - a blessed +1 mace (weapon in hand) Armor e - a rotted +0 robe (being worn) n - a rotted +0 small shield (being worn) Comestibles c - a clove of garlic d - a sprig of wolfsbane p - 4 food rations s - 2 carrots u - a lichen corpse C - a slime mold K - 2 lembas wafers L - a tripe ration Scrolls v - a scroll of remove curse G - a blessed scroll of earth H - a scroll of earth Spellbooks g - a spellbook of identify m - a spellbook of protection w - a spellbook of wizard lock B - a cursed spellbook of magic missile Potions b - 4 potions of holy water i - a potion of restore ability j - a potion of gain ability k - a cursed potion of hallucination o - 2 potions of sleeping r - a potion of hallucination x - a potion of booze E - a potion of confusion Rings z - a cursed ring of aggravate monster D - a ring of sustain ability I - a ring of teleport control Wands y - a wand of cancellation (0:4) F - a wand of light (0:14) M - a wand of create monster (0:11) Tools f - a lock pick h - a wooden harp A - a bugle Gems q - 2 agate stones Spells and supernatural/magical abilities: Name Level Category Fail Memory p - protection 1 clerical 0% 82% I - identify 3 divination 45% 82% W - pray for help -- divine ? -- X - turn undead -- divine ? -- Your skills at the end: Fighting Skills Weapon Skills mace [Basic] Spellcasting Skills clerical spells [Basic] Final Attributes: You were piously aligned. You were sleep resistant. You had infravision. You could teleport. You are dead. Vanquished creatures: 6 leprechauns a dwarf mummy a dust vortex a gnome mummy an Uruk-hai a rock mole a black naga hatchling a gray ooze 2 baby crocodiles a kitten a homunculus a werejackal 2 iguanas 4 killer bees 2 acid blobs a large kobold 6 giant rats a brown mold 3 gnomes a garter snake a gnome zombie 3 geckos 2 jackals 2 foxes a kobold a goblin 3 grid bugs 3 lichens a kobold zombie 8 newts 63 creatures vanquished. Voluntary challenges: You had been an atheist until turn 3438. You used a wielded weapon 103 times, starting on turn 62. You read items or engraved 38 times, starting on turn 1723. You never genocided any monsters. You never polymorphed an object. You never changed form. You used no wishes. You never split a pudding. You wrote Elbereth's name 34 times, starting on turn 1723. You never violated your personal moral code. Dungeon overview: The Dungeons of Doom: levels 1 to 8 Level 1 a fountain, a sink a long staircase Level 2 Level 3 stairs to The Gnomish Mines Level 4 a sink Level 5 some fountains Level 6 a fountain Level 7 Level 8 stairs to Sokoban The Gnomish Mines: Level 4 stairs to The Dungeons of Doom Sokoban: levels 6 to 7 Level 6 (rope golem) Level 7 <- You were here stairs to The Dungeons of Doom History has recorded: On T:1 you entered the Dungeons of Doom to retrieve the Amulet of Yendor! On T:104 you reached level 2 of The Dungeons of Doom. On T:479 you reached level 3 of The Dungeons of Doom. On T:684 you reached level 4 of The Dungeons of Doom. On T:803 you reached level 5 of The Dungeons of Doom. On T:1245 you advanced to experience level 2. On T:1444 you reached level 6 of The Dungeons of Doom. On T:1611 you reached level 1 of The Gnomish Mines. On T:1656 you advanced to experience level 3. On T:1990 you advanced to experience level 4. On T:2151 you advanced to experience level 5. On T:2305 you reached level 7 of The Dungeons of Doom. On T:2460 you reached level 8 of The Dungeons of Doom. On T:2505 you reached level 4 of Sokoban. On T:2540 you advanced to experience level 6. On T:2757 you reached level 3 of Sokoban. Score breakdown: Gold: 343 ( 8628 points) Experience: 6 levels (12456 points) Exploration: 8 levels ( 16.00%) (11338 points) Discoveries: 21 items ( 7.34%) ( 8129 points) Valuables value: (no points given unless you survive) Artifact value: 0 ( 0 points) Variety of kills: 30 monsters ( 7.87%) ( 8418 points) Turncount: 3793 turns ( -946 points) Survival: died (score multiplied by 80%) Total score: 38418 Latest messages: You add to the writing in the dust with your fingers. The Uruk-hai turns to flee! (2x) You add to the writing in the dust with your fingers. The rothe turns to flee! You add to the writing in the dust with your fingers. The Uruk-hai turns to flee! The rothe turns to flee! It hurls a yellow potion! The flask crashes on your head and breaks into shards. Something seems to be holding you. It hits! The Uruk-hai thrusts her crude short sword. The Uruk-hai hits! The giant ant bites! (2x) The quivering blob bumps right into you! The giant ant bites! You die... Final status: Goodbye mgv the Priest, killed by a giant ant, while frozen by potion vapours... You died in Sokoban on dungeon level 7 with 38418 points, and 343 pieces of gold, after 3793 moves. You were level 6 with a maximum of 42 hit points when you died.